TOP OF THE 1ST |
Vancouver Canadians batting - Pitching for Spokane Indians : RHP Tyler Jack
|
Pitching: RHP Tyler Jack
|
|
Batting: RHB Justin Geiger
|
0-0: Foul Ball, location: 2F 0-1: Ball 1-1: Ball 2-1: Swinging Strike 2-2: Strikes out swinging
|
Batting: RHB Javier Garcia
|
0-0: Called Strike 0-1: Ball 1-1: Fly out, F5 (Popup, 5SF, EV 73.8 MPH)
|
Batting: RHB Scott Travis
|
0-0: Fly out, F9 (Flyball, 89S, EV 88.1 MPH)
|
Top of the 1st over - 0 runs, 0 hits, 0 errors, 0 left on base; Vancouver 0 - Spokane 0 |
BOTTOM OF THE 1ST |
Spokane Indians batting - Pitching for Vancouver Canadians : RHP Mike Amos
|
Pitching: RHP Mike Amos
|
|
Batting: LHB Jose Baez
|
0-0: Called Strike 0-1: Fly out, F8 (Flyball, 78M, EV 98.1 MPH)
|
Batting: RHB Andres Mendiola
|
0-0: Ball 1-0: Foul Ball, location: 2F 1-1: Called Strike 1-2: Ball 2-2: SINGLE (Groundball, 4S, EV 68.1 MPH) (infield hit)
|
Batting: LHB Nick Foutz
|
0-0: Ball Andres Mendiola steals 2nd base 1-0: Ball 2-0: Called Strike 2-1: Called Strike Andres Mendiola steals 3rd base 2-2: Strikes out swinging
|
Batting: RHB Aaron Graham
|
0-0: Ball 1-0: Ball 2-0: Ground out 6-3 (Groundball, 6, EV 78.8 MPH)
|
Bottom of the 1st over - 0 runs, 1 hit, 0 errors, 1 left on base; Vancouver 0 - Spokane 0 |
TOP OF THE 2ND |
Vancouver Canadians batting - Pitching for Spokane Indians : RHP Tyler Jack
|
Batting: LHB Kurt Estep
|
0-0: Foul Ball, location: 2F 0-1: Swinging Strike 0-2: Ball 1-2: Ball 2-2: Ball 3-2: Strikes out looking
|
Batting: RHB John Hering
|
0-0: SINGLE (Line Drive, 89S, EV 100.0 MPH)
|
Batting: RHB Stephen Casteel
|
0-0: Ball 1-0: Called Strike 1-1: Called Strike John Hering steals 2nd base 1-2: Strikes out swinging
|
Batting: SHB Scott Robbins
|
0-0: Called Strike 0-1: Swinging Strike 0-2: Ball 1-2: Ball 2-2: Strikes out swinging
|
Top of the 2nd over - 0 runs, 1 hit, 0 errors, 1 left on base; Vancouver 0 - Spokane 0 |
BOTTOM OF THE 2ND |
Spokane Indians batting - Pitching for Vancouver Canadians : RHP Mike Amos
|
Batting: RHB Danny Odom
|
0-0: Swinging Strike 0-1: Swinging Strike 0-2: Ball 1-2: Strikes out swinging
|
Batting: RHB Joe Fiorito
|
0-0: Ball 1-0: Foul Ball, location: 2F 1-1: Swinging Strike 1-2: Strikes out swinging
|
Batting: RHB Salvador Caldera
|
0-0: Ball 1-0: Ball 2-0: Ball 3-0: Called Strike 3-1: Foul Ball, location: 2F 3-2: Ground out 6-3 (Groundball, 6S, EV 85.6 MPH)
|
Bottom of the 2nd over - 0 runs, 0 hits, 0 errors, 0 left on base; Vancouver 0 - Spokane 0 |
TOP OF THE 3RD |
Vancouver Canadians batting - Pitching for Spokane Indians : RHP Tyler Jack
|
Batting: RHB Shunsuke Shiba Inu
|
0-0: Ground out 6-3 (Groundball, 6MS, EV 85.6 MPH)
|
Batting: RHB Mike Johnson
|
0-0: Ball 1-0: Ground out 5-3 (Groundball, 5L, EV 102.5 MPH)
|
Batting: RHB Justin Geiger
|
0-0: Called Strike 0-1: Foul Ball, location: 2F 0-2: Foul Ball, location: 2F 0-2: Strikes out looking
|
Top of the 3rd over - 0 runs, 0 hits, 0 errors, 0 left on base; Vancouver 0 - Spokane 0 |
BOTTOM OF THE 3RD |
Spokane Indians batting - Pitching for Vancouver Canadians : RHP Mike Amos
|
Batting: RHB Shoh Tanioka
|
0-0: Ball 1-0: Foul Ball, location: 2F 1-1: Called Strike 1-2: Strikes out looking
|
Batting: RHB Ferdi Schipper
|
0-0: Ball 1-0: Fly out, F3 (Popup, 34S, EV 69.4 MPH)
|
Batting: LHB Jose Baez
|
0-0: Called Strike 0-1: Ball 1-1: Ball 2-1: Ground out 4-3 (Groundball, 34, EV 93.8 MPH)
|
Bottom of the 3rd over - 0 runs, 0 hits, 0 errors, 0 left on base; Vancouver 0 - Spokane 0 |
TOP OF THE 4TH |
Vancouver Canadians batting - Pitching for Spokane Indians : RHP Tyler Jack
|
Batting: RHB Javier Garcia
|
0-0: Ball 1-0: Foul Ball, location: 2F 1-1: Foul Ball, location: 2F 1-2: Fly out, F6 (Popup, 6, EV 66.9 MPH)
|
Batting: RHB Scott Travis
|
0-0: Ball 1-0: TRIPLE (Flyball, 89XD, EV 91.2 MPH)
|
Batting: LHB Kurt Estep
|
0-0: Ground out 5-3 (Groundball, 5, EV 80.6 MPH)
|
Batting: RHB John Hering
|
0-0: Called Strike 0-1: Ball 1-1: Swinging Strike 1-2: Strikes out looking
|
Top of the 4th over - 0 runs, 1 hit, 0 errors, 1 left on base; Vancouver 0 - Spokane 0 |
BOTTOM OF THE 4TH |
Spokane Indians batting - Pitching for Vancouver Canadians : RHP Mike Amos
|
Batting: RHB Andres Mendiola
|
0-0: Called Strike 0-1: Fly out, F7 (Line Drive, 8LM, EV 91.9 MPH)
|
Batting: LHB Nick Foutz
|
0-0: TRIPLE (Flyball, 89XD, EV 88.1 MPH)
|
Batting: RHB Aaron Graham
|
0-0: Foul Ball, location: 2F 0-1: Ball 1-1: Ball 2-1: Foul Ball, location: 2F 2-2: Strikes out swinging
|
Batting: RHB Danny Odom
|
0-0: Ground out 5-3 (Groundball, 15, EV 82.5 MPH)
|
Bottom of the 4th over - 0 runs, 1 hit, 0 errors, 1 left on base; Vancouver 0 - Spokane 0 |
TOP OF THE 5TH |
Vancouver Canadians batting - Pitching for Spokane Indians : RHP Tyler Jack
|
Batting: RHB Stephen Casteel
|
0-0: TRIPLE (Line Drive, 89XD, EV 102.5 MPH)
|
Batting: SHB Scott Robbins
|
0-0: Foul Ball, location: 2F 0-1: Called Strike 0-2: Foul Ball, location: 2F 0-2: Foul Ball, location: 2F 0-2: Ball 1-2: SINGLE (Groundball, 6M, EV 103.1 MPH) Stephen Casteel scores
|
Batting: RHB Shunsuke Shiba Inu
|
Pickoff Throw to First - Out! 1-3 CS 0-0: Swinging Strike 0-1: Ball 1-1: Foul Ball, location: 2F 1-2: Strikes out swinging
|
Batting: RHB Mike Johnson
|
0-0: Called Strike 0-1: Ground out 5-3 (Groundball, 56, EV 88.1 MPH)
|
Top of the 5th over - 1 run, 2 hits, 0 errors, 0 left on base; Vancouver 1 - Spokane 0 |
BOTTOM OF THE 5TH |
Spokane Indians batting - Pitching for Vancouver Canadians : RHP Mike Amos
|
Batting: RHB Joe Fiorito
|
0-0: TRIPLE (Line Drive, 8RXD, EV 105.6 MPH)
|
Batting: RHB Salvador Caldera
|
0-0: Ball 1-0: Called Strike 1-1: Ball 2-1: Called Strike 2-2: Strikes out swinging
|
Batting: RHB Shoh Tanioka
|
0-0: Ball 1-0: Fly out, F8 (Flyball, 8LXD, EV 101.2 MPH) Runner from 3rd tags up, SCORES, no throw by CF
|
Batting: RHB Ferdi Schipper
|
0-0: Swinging Strike 0-1: Ball 1-1: Foul Ball, location: 2F 1-2: Foul Ball, location: 2F 1-2: Ball 2-2: Ground out 6-3 (Groundball, 6, EV 80.0 MPH)
|
Bottom of the 5th over - 1 run, 1 hit, 0 errors, 0 left on base; Vancouver 1 - Spokane 1 |
TOP OF THE 6TH |
Vancouver Canadians batting - Pitching for Spokane Indians : RHP Tyler Jack
|
Batting: RHB Justin Geiger
|
0-0: SINGLE (Groundball, 56D, EV 98.1 MPH)
|
Batting: RHB Javier Garcia
|
0-0: Ball 1-0: Called Strike 1-1: SINGLE (Line Drive, 6D, EV 103.8 MPH) Justin Geiger to second
|
Batting: RHB Scott Travis
|
0-0: Foul Ball, location: 2F 0-1: SINGLE (Line Drive, 8LS, EV 108.1 MPH) Justin Geiger to third Javier Garcia to second
|
Batting: LHB Kurt Estep
|
0-0: Called Strike 0-1: Ball 1-1: SINGLE (Groundball, 56, EV 96.9 MPH) Justin Geiger scores Javier Garcia to third Scott Travis to second
|
Batting: RHB John Hering
|
0-0: Ball 1-0: Called Strike 1-1: Swinging Strike 1-2: Ball 2-2: Grounds into fielders choice 6-2 (Groundball, 6, EV 85.0 MPH) Scott Travis to third Kurt Estep to second
|
Batting: RHB Stephen Casteel
|
0-0: Ball 1-0: Foul Ball, location: 2F 1-1: Swinging Strike 1-2: Strikes out swinging
|
Batting: SHB Scott Robbins
|
0-0: Ball 1-0: Ground out 3-1 (Groundball, 34, EV 108.1 MPH)
|
Top of the 6th over - 1 run, 4 hits, 0 errors, 3 left on base; Vancouver 2 - Spokane 1 |
BOTTOM OF THE 6TH |
Spokane Indians batting - Pitching for Vancouver Canadians : RHP Mike Amos
|
Batting: LHB Jose Baez
|
0-0: Ball 1-0: Ball 2-0: Ball 3-0: Base on Balls
|
Batting: RHB Andres Mendiola
|
|
Pinch Hitting: SHB Kaname Fujimoto
|
0-0: Ball 1-0: Ball Jose Baez is caught stealing 2nd base 2-6 2-0: Foul Ball, location: 2F 2-1: Foul Ball, location: 2F 2-2: Ball 3-2: Reached via error on a dropped throw from 1B, E1 (Groundball, 34S, EV 86.9 MPH)
|
Batting: LHB Nick Foutz
|
0-0: Ball 1-0: Called Strike 1-1: Ball 2-1: Ball 3-1: DOUBLE (Line Drive, 7LM, EV 101.2 MPH) Kaname Fujimoto to third Runner from 3rd tries for Home, SAFE, throw by LF to trailing runner, SAFE at third!
|
Batting: RHB Aaron Graham
|
0-0: Ball Wild Pitch! Nick Foutz scores 1-0: Foul Ball, location: 2F 1-1: Ball 2-1: Ball 3-1: Called Strike 3-2: SOLO HOME RUN (Flyball, 7D, EV 99.4 MPH), Distance : 372 ft
|
Batting: RHB Danny Odom
|
0-0: Called Strike 0-1: Swinging Strike 0-2: Foul Ball, location: 2F 0-2: Strikes out swinging
|
Batting: RHB Joe Fiorito
|
0-0: Ball 1-0: Foul Ball, location: 2F 1-1: Ball 2-1: Ball 3-1: Base on Balls
|
Batting: RHB Salvador Caldera
|
0-0: Ball 1-0: Called Strike 1-1: Called Strike 1-2: Strikes out swinging
|
Bottom of the 6th over - 3 runs, 2 hits, 1 error, 1 left on base; Vancouver 2 - Spokane 4 |
TOP OF THE 7TH |
Vancouver Canadians batting - Pitching for Spokane Indians : RHP Tyler Jack
|
Now at 2B: Darnell Jones
|
|
Now at SS: Aaron Graham
|
|
Batting: RHB Shunsuke Shiba Inu
|
0-0: Ball 1-0: Called Strike 1-1: Ball 2-1: Fly out, F8 (Flyball, 78S, EV 90.0 MPH)
|
Batting: RHB Mike Johnson
|
0-0: Swinging Strike 0-1: Ball 1-1: Ball 2-1: Ball 3-1: Base on Balls
|
Pinch Hitting: LHB Ray Whitehead
|
0-0: Ball 1-0: Ball 2-0: SINGLE (Groundball, 6S, EV 71.9 MPH) (infield hit) Mike Johnson to second
|
Pinch Hitting: LHB Ben Radach
|
0-0: Ball 1-0: Foul Ball, location: 2F 1-1: Foul Ball, location: 2F 1-2: Ball 2-2: Strikes out swinging
|
Batting: LHB Devin Huber
|
0-0: Ball 1-0: Ball 2-0: Called Strike 2-1: Ground out U3 (Groundball, 34S, EV 72.5 MPH)
|
Top of the 7th over - 0 runs, 1 hit, 0 errors, 2 left on base; Vancouver 2 - Spokane 4 |
BOTTOM OF THE 7TH |
Spokane Indians batting - Pitching for Vancouver Canadians : RHP Mike Amos
|
Pitching: RHP Dave August
|
|
Now at 1B: Ben Radach
|
|
Now at 3B: Mike Johnson
|
|
Now in LF: Ray Whitehead
|
|
Batting: RHB Shoh Tanioka
|
0-0: Ball 1-0: Called Strike 1-1: Ball 2-1: Fly out, F7 (Flyball, 7D, EV 83.1 MPH)
|
Batting: RHB Ferdi Schipper
|
0-0: Ball 1-0: Ball 2-0: Ball 3-0: Called Strike 3-1: Fly out, F8 (Flyball, 8RM, EV 85.6 MPH)
|
Batting: LHB Jose Baez
|
0-0: Ball 1-0: Called Strike 1-1: Swinging Strike 1-2: Foul Ball, location: 2F 1-2: Ball 2-2: Reached on error, E1 (Groundball, 15S, EV 69.4 MPH)
|
Batting: RHB Darnell Jones
|
0-0: Called Strike 0-1: Ball 1-1: Called Strike 1-2: Strikes out swinging
|
Bottom of the 7th over - 0 runs, 0 hits, 1 error, 1 left on base; Vancouver 2 - Spokane 4 |
TOP OF THE 8TH |
Vancouver Canadians batting - Pitching for Spokane Indians : RHP Tyler Jack
|
Now at 1B: Herb Craig
|
|
Batting: LHB Kurt Estep
|
0-0: Foul Ball, location: 2F 0-1: Swinging Strike 0-2: Ball 1-2: Strikes out looking
|
Pitching: RHP Javier Cabrera
|
|
Batting: RHB John Hering
|
0-0: Ball 1-0: Foul Ball, location: 2F 1-1: Ball 2-1: Fly out, F9 (Flyball, 9LM, EV 78.8 MPH)
|
Pinch Hitting: LHB Sonny Flood
|
0-0: Called Strike 0-1: Ball 1-1: Foul Ball, location: 2F 1-2: Foul Ball, location: 2F 1-2: Strikes out swinging
|
Top of the 8th over - 0 runs, 0 hits, 0 errors, 0 left on base; Vancouver 2 - Spokane 4 |
BOTTOM OF THE 8TH |
Spokane Indians batting - Pitching for Vancouver Canadians : RHP Dave August
|
Now at 2B: Shunsuke Shiba Inu
|
|
Now at SS: Jamie Ogilvie
|
|
Batting: LHB Nick Foutz
|
0-0: Foul Ball, location: 2F 0-1: Ground out 4-3 (Groundball, 34S, EV 78.1 MPH)
|
Batting: RHB Aaron Graham
|
0-0: Called Strike 0-1: Fly out, F8 (Flyball, 78D, EV 86.9 MPH)
|
Batting: RHB Danny Odom
|
0-0: Foul Ball, location: 2F 0-1: Foul Ball, location: 2F 0-2: Foul Ball, location: 2F 0-2: Ball 1-2: Foul Ball, location: 2F 1-2: SINGLE (Line Drive, 9S, EV 101.9 MPH)
|
Batting: RHB Joe Fiorito
|
0-0: Ball Danny Odom steals 2nd base 1-0: Ball 2-0: Ball 3-0: Swinging Strike 3-1: Called Strike 3-2: Fly out, F9 (Flyball, 89M, EV 91.9 MPH)
|
Bottom of the 8th over - 0 runs, 1 hit, 0 errors, 1 left on base; Vancouver 2 - Spokane 4 |
TOP OF THE 9TH |
Vancouver Canadians batting - Pitching for Spokane Indians : RHP Javier Cabrera
|
Pitching: RHP Victor Morin
|
|
Batting: SHB Scott Robbins
|
0-0: Foul Ball, location: 2F 0-1: Ball 1-1: Foul Ball, location: 2F 1-2: Strikes out swinging
|
Pinch Hitting: LHB Roald Jacobs
|
0-0: Foul Ball, location: 2F 0-1: Fly out, F8 (Flyball, 8LXD, EV 95.0 MPH)
|
Pinch Hitting: LHB Tso-lin Fen
|
0-0: Ground out 4-3 (Groundball, 4S, EV 73.8 MPH)
|
Top of the 9th over - 0 runs, 0 hits, 0 errors, 0 left on base; Vancouver 2 - Spokane 4 |
|